 Dungeon Crawl Stone Soup version 0.26-a0-597-gb535b0901c (webtiles) character file.

Game seed: 17566267255564137631

2 Apogee the Stinger (level 1, 0/13 HPs)
             Began as a Demonspawn Venom Mage on Sept 12, 2020.
             Slain by a rat (2 damage)
             ... on level 1 of the Dungeon.
             The game lasted 00:00:44 (253 turns).

Apogee the Stinger (Demonspawn Venom Mage)           Turns: 253, Time: 00:00:44

Health: 0/13       AC:  5    Str:  8    XL:     1   Next: 25%
Magic:  3/3        EV: 10    Int: 16    God:
Gold:   0          SH:  0    Dex: 13    Spells: 3/4 levels left

rFire    . . .     SeeInvis .   (no weapon)
rCold    . . .     Faith    .   (no shield)
rNeg     . . .     Spirit   .   b - +0 ring mail
rPois    .         Reflect  .   (no helmet)
rElec    .         Harm     .   (no cloak)
rCorr    .                      (no gloves)
MR       .....                  (no boots)
Stlth    +.........             (no amulet)
HPRegen  0.04/turn              (no ring)
MPRegen  0.08/turn              (no ring)

@: no status effects
A: no striking features
a: no special abilities


You were on level 1 of the Dungeon.
You visited 1 branch of the dungeon, and saw 1 of its levels.

Inventory:

Armour
 a - a +0 robe
 b - a +0 ring mail (worn)
   (You found it on level 1 of the Dungeon)
 c - a +1 pair of boots
   (You found it on level 1 of the Dungeon)


   Skills:
 + Level 0.3 Fighting
 + Level 0.2 Armour
 - Level 1.7 Dodging
 - Level 1.7 Stealth
 - Level 2.0 Spellcasting
 - Level 0.8 Transmutations
 - Level 3.0 Poison Magic


You had 3 spell levels left.
You knew the following spells:

 Your Spells              Type           Power        Failure   Level
a - Sting                 Tmut/Pois      #...         28%         1

Your spell library contained the following spells:

 Spells                   Type           Power        Failure   Level
 Poisonous Vapours        Pois/Air       #.....       45%         2
 Ignite Poison            Fire/Tmut/Pois #.......     75%         3
 Mephitic Cloud           Conj/Pois/Air  #.......     77%         3
 Olgreb's Toxic Radiance  Pois           ##......     88%         4


Dungeon Overview and Level Annotations

Branches:
Dungeon (1/15)

Altars:


Message History

You hit the rat. The rat bites you but does no damage.
You hit the rat.
You kill the rat!
You barely miss the goblin. The goblin hits you but does no damage.
You hit the goblin. The goblin closely misses you.
You hit the goblin.
You kill the goblin!
You swing at nothing.
You swing at nothing.
You start resting.
A dart slug comes into view.
You see here a pair of runed boots.
c - a pair of runed boots A rat comes into view.
The dart slug completely misses you.
You hit the dart slug.
The dart slug bites you but does no damage.
You hit the dart slug but do no damage. You hit the dart slug.
The dart slug barely misses you.
Your ring mail prevents you from hitting the dart slug.
The dart slug launches a dart at you. The slug dart hits you.
You hit the dart slug but do no damage. You hit the dart slug but do no damage.
The dart slug bites you.
You hit the dart slug. The dart slug launches a dart at you.
The slug dart hits you.
You hit the dart slug but do no damage.
The dart slug bites you but does no damage.
You hit the dart slug but do no damage. You hit the dart slug.
The dart slug bites you but does no damage.
You completely miss the dart slug.
The dart slug bites you but does no damage.
You hit the dart slug but do no damage. You hit the dart slug but do no damage.
The rat bites you.
* * * LOW HITPOINT WARNING * * *
The dart slug bites you but does no damage.
Unknown command.
The rat barely misses you.
You closely miss the rat. The rat bites you.
* * * LOW HITPOINT WARNING * * *
You barely miss the rat. The rat barely misses you.
You barely miss the rat. The rat closely misses you.
You hit the rat but do no damage. The rat barely misses you.
You hit the rat. The rat bites you.
* * * LOW HITPOINT WARNING * * *
You closely miss the rat. The rat bites you but does no damage.
You closely miss the rat. The rat bites you.
You die...

..... ..... ......
.. .# ...... .....
......#### .#.## ##
.#....... ....##.#
.......w# #...##.#
#r# #...##.##
#@####...#...#
#........#...#
#.#####.##...##
#########.#.....###
.............<....#
#......#..#.....#.#
#......#..##...## #
#......#...#...#
#......#.#.#...#


You could see a dart slug and a rat.

Vanquished Creatures
  A goblin (D:1)
  A rat (D:1)
2 creatures vanquished.

Notes
Turn   | Place    | Note
-------+----------+-------------------------------------------
     0 | D:1      | Apogee the Demonspawn Venom Mage began the quest for the
                  | Orb.
     0 | D:1      | Reached XP level 1. HP: 13/13 MP: 3/3
   253 | D:1      | Slain by a rat

Illustrated notes

Levels and vault maps discovered:
D:1:      dpeg_arrival_rhombus, layout_basic

Action                   || total
-------------------------++-------
Melee: Unarmed           ||    43
Armor: Ring mail         ||    12
Dodge: Dodged            ||    22

Table legend: (Time is in decaauts)
 A = Elapsed time spent in this place.
 B = Non-inter-level travel time spent in this place.
 C = Inter-level travel time spent in this place.
 D = Time resting spent in this place.
 E = Time spent auto-exploring this place.
 F = Levels seen in this place.
 G = Mean time per level.
                   A        B        C        D        E       F      G
               +--------+--------+--------+--------+--------+-----+--------+
         Total |    253 |    253 |      0 |    179 |      2 |   1 |  253.0 |
       Dungeon |    253 |    253 |      0 |    179 |      2 |   1 |  253.0 |
               +--------+--------+--------+--------+--------+-----+--------+

Top non-repeatable levels by time:
     D:1: 253 daAuts
